MLB
PITTSBURGH PIRATES @ CHICAGO CUBS
09/03/2044
 
TOP OF THE 1ST
Pittsburgh Pirates batting - Pitching for Chicago Cubs : RHP Nate Jackson
Pitching: RHP Nate Jackson
Batting: RHB Andrew Robinson 0-0: Ball
1-0: Foul Ball, location: 2F
1-1: Foul Ball, location: 2F
1-2: Foul Ball, location: 2F
1-2: Ball
2-2: Strikes out looking
Batting: RHB Eisse Bravenboer 0-0: Ball
1-0: Fly out, F8 (Flyball, 8RD, EV 98.1 MPH)
Batting: SHB Marvin McAleer 0-0: Called Strike
0-1: Ball
1-1: Ball
2-1: SINGLE (Line Drive, 4MD, EV 93.8 MPH)
Batting: RHB Vincent Poopwell 0-0: Ball
1-0: Called Strike
Marvin McAleer steals 2nd base (no throw)
1-1: Ball
2-1: 2-RUN HOME RUN (Flyball, 7D, EV 100.6 MPH), Distance : 394 ft
Batting: RHB Steve Jordan 0-0: Foul Ball, location: 2F
0-1: Foul Ball, location: 2F
0-2: Strikes out swinging
Top of the 1st over - 2 runs, 2 hits, 0 errors, 0 left on base; Pittsburgh 2 - Chicago 0
BOTTOM OF THE 1ST
Chicago Cubs batting - Pitching for Pittsburgh Pirates : RHP Jeremy Kennie
Pitching: RHP Jeremy Kennie
Batting: RHB Yasuhide Kasahara 0-0: Ball
1-0: Fly out, F8 (Line Drive, 8RD, EV 88.1 MPH)
Batting: LHB Kevin Norton 0-0: Ball
1-0: Ball
2-0: Ball
3-0: Called Strike
3-1: Called Strike
3-2: Strikes out looking
Batting: RHB Efrain Vargas 0-0: Ball
1-0: Ground out 2-3 (Groundball, 15S, EV 60.0 MPH)
Bottom of the 1st over - 0 runs, 0 hits, 0 errors, 0 left on base; Pittsburgh 2 - Chicago 0
TOP OF THE 2ND
Pittsburgh Pirates batting - Pitching for Chicago Cubs : RHP Nate Jackson
Batting: RHB Jeckel Hester 0-0: Ball
1-0: Swinging Strike
1-1: Called Strike
1-2: Ball
2-2: Ground out 5-3 (Groundball, 56, EV 102.5 MPH)
Batting: RHB Tommie Eaton 0-0: Ball
1-0: Foul Ball, location: 2F
1-1: Ball
2-1: Swinging Strike
2-2: Ground out 4-3 (Groundball, 4, EV 104.4 MPH)
Batting: RHB Raul Mendoza 0-0: Ball
1-0: Ball
2-0: Ball
3-0: Called Strike
3-1: Swinging Strike
3-2: Strikes out swinging
Top of the 2nd over - 0 runs, 0 hits, 0 errors, 0 left on base; Pittsburgh 2 - Chicago 0
BOTTOM OF THE 2ND
Chicago Cubs batting - Pitching for Pittsburgh Pirates : RHP Jeremy Kennie
Batting: RHB Josh Kalman 0-0: Ground out 6-3 (Groundball, 6, EV 101.9 MPH)
Batting: RHB Elijah Campbell 0-0: Called Strike
0-1: Ball
1-1: Foul Ball, location: 2F
1-2: Ball
2-2: Ball
3-2: Foul Ball, location: 2F
3-2: Base on Balls
Batting: RHB Will Leslie 0-0: Ball
1-0: Called Strike
1-1: Foul Ball, location: 2F
1-2: Fly out, F7 (Line Drive, 7, EV 103.8 MPH)
Batting: SHB Art Kent 0-0: Foul Ball, location: 2F
0-1: SINGLE (Line Drive, 5D, EV 94.4 MPH)
Elijah Campbell to second
Runner from 2nd tries for 3rd, SAFE, no throw by LF
Batting: RHB Steve Bui 0-0: Foul Ball, location: 2F
0-1: Swinging Strike
0-2: Ball
1-2: Strikes out swinging
Bottom of the 2nd over - 0 runs, 1 hit, 0 errors, 2 left on base; Pittsburgh 2 - Chicago 0
TOP OF THE 3RD
Pittsburgh Pirates batting - Pitching for Chicago Cubs : RHP Nate Jackson
Batting: RHB Mike Thornton 0-0: Ball
1-0: Foul Ball, location: 2F
1-1: SINGLE (Groundball, 15S, EV 74.4 MPH) (infield hit)
Batting: RHB Andrew Robinson 0-0: Called Strike
0-1: Fielders Choice at 2nd, 1-4 (Groundball, P, EV 66.2 MPH)
Batting: RHB Eisse Bravenboer 0-0: Ball
1-0: Called Strike
1-1: Called Strike
1-2: Ball
2-2: SINGLE (Groundball, 56D, EV 106.9 MPH)
Andrew Robinson to second
Andrew Robinson to third
Batting: SHB Marvin McAleer 0-0: Ball
1-0: Ground out 4-3 (Groundball, 4D, EV 103.1 MPH)
Andrew Robinson scores
Eisse Bravenboer to second
Batting: RHB Vincent Poopwell 0-0: Ball
1-0: Foul Ball, location: 2F
1-1: Ground out 5-3 (Groundball, 5, EV 108.1 MPH)
Top of the 3rd over - 1 run, 2 hits, 0 errors, 1 left on base; Pittsburgh 3 - Chicago 0
BOTTOM OF THE 3RD
Chicago Cubs batting - Pitching for Pittsburgh Pirates : RHP Jeremy Kennie
Batting: RHB Adam O'Hare 0-0: Ball
1-0: Ball
2-0: Foul Ball, location: 2F
2-1: Foul Ball, location: 2F
2-2: SINGLE (Line Drive, 8LM, EV 101.9 MPH)
Batting: RHB Yasuhide Kasahara 0-0: Ball
1-0: Ball
2-0: Ground out U3 (Groundball, 3S, EV 68.1 MPH)
Adam O'Hare to second
Batting: LHB Kevin Norton 0-0: Ground out 6-3 (Groundball, 6, EV 87.5 MPH)
Adam O'Hare to third
Batting: RHB Efrain Vargas 0-0: Ball
1-0: Called Strike
1-1: Ball
2-1: Swinging Strike
2-2: Ball
3-2: Foul Ball, location: 2F
3-2: Ground out 6-3 (Groundball, 6, EV 83.8 MPH)
Bottom of the 3rd over - 0 runs, 1 hit, 0 errors, 1 left on base; Pittsburgh 3 - Chicago 0
TOP OF THE 4TH
Pittsburgh Pirates batting - Pitching for Chicago Cubs : RHP Nate Jackson
Batting: RHB Steve Jordan 0-0: Called Strike
0-1: Foul Ball, location: 2F
0-2: SINGLE (Groundball, 56S, EV 70.0 MPH) (infield hit)
Batting: RHB Jeckel Hester 0-0: Called Strike
Steve Jordan steals 2nd base
0-1: Ball
1-1: SINGLE (Groundball, 34D, EV 96.9 MPH)
Steve Jordan to third
Runner from 3rd tries for Home, SAFE, throw by RF to home
Batting: RHB Tommie Eaton 0-0: Ball
1-0: Called Strike
Jeckel Hester steals 2nd base (no throw)
1-1: Ball
Jeckel Hester steals 3rd, throwing error, E2
Jeckel Hester scores
2-1: SINGLE (Groundball, 6D, EV 97.5 MPH)
Pitching: RHP Chris Ray
Batting: RHB Raul Mendoza 0-0: Called Strike
0-1: Ball
1-1: Called Strike
1-2: Foul Ball, location: 2F
1-2: Fly out, F7 (Flyball, 7D, EV 94.4 MPH)
Batting: RHB Mike Thornton 0-0: Called Strike
0-1: Swinging Strike
0-2: Strikes out swinging
Batting: RHB Andrew Robinson 0-0: SINGLE (Groundball, 6MD, EV 102.5 MPH)
Tommie Eaton to second
Runner from 2nd tries for 3rd, SAFE, throw by CF made to third
Andrew Robinson to second
Batting: RHB Eisse Bravenboer 0-0: Fly out, F7 (Flyball, 7D, EV 90.0 MPH)
Top of the 4th over - 2 runs, 4 hits, 1 error, 2 left on base; Pittsburgh 5 - Chicago 0
BOTTOM OF THE 4TH
Chicago Cubs batting - Pitching for Pittsburgh Pirates : RHP Jeremy Kennie
Batting: RHB Josh Kalman 0-0: DOUBLE (Flyball, 89XD, EV 101.2 MPH)
Batting: RHB Elijah Campbell 0-0: Ball
1-0: SINGLE (Groundball, 4M, EV 99.4 MPH)
Josh Kalman to third
Runner from 3rd tries for Home, SAFE, throw by CF to home
Batting: RHB Will Leslie 0-0: Ball
1-0: 2-RUN HOME RUN (Flyball, 7LD, EV 96.9 MPH), Distance : 377 ft
Batting: SHB Art Kent 0-0: Ball
1-0: DOUBLE (Line Drive, 7LM, EV 97.5 MPH)
Batting: RHB Steve Bui 0-0: Ball
1-0: Fly out, F8 (Line Drive, 8RM, EV 93.8 MPH)
Batting: RHB Adam O'Hare 0-0: Foul Ball, location: 2F
0-1: Ball
1-1: Ball
2-1: Foul Ball, location: 2F
2-2: Ground out 6-3 (Groundball, 6M, EV 78.8 MPH)
Art Kent to third
Batting: RHB Yasuhide Kasahara 0-0: Ground out 6-3 (Groundball, 56, EV 86.2 MPH)
Bottom of the 4th over - 3 runs, 4 hits, 0 errors, 1 left on base; Pittsburgh 5 - Chicago 3
TOP OF THE 5TH
Pittsburgh Pirates batting - Pitching for Chicago Cubs : RHP Chris Ray
Batting: SHB Marvin McAleer 0-0: Called Strike
0-1: Swinging Strike
0-2: Ball
1-2: Ball
2-2: Ball
3-2: Foul Ball, location: 2F
3-2: Strikes out swinging
Batting: RHB Vincent Poopwell 0-0: Called Strike
0-1: Called Strike
0-2: Ball
1-2: Foul Ball, location: 2F
1-2: Ball
2-2: Foul Ball, location: 2F
2-2: Foul Ball, location: 2F
2-2: SINGLE (Groundball, 6MD, EV 85.6 MPH) (infield hit)
Batting: RHB Steve Jordan 0-0: Ball
1-0: Swinging Strike
1-1: Ball
2-1: Grounds into double play, 6-4-3 (Groundball, 6, EV 95.6 MPH)
Top of the 5th over - 0 runs, 1 hit, 0 errors, 0 left on base; Pittsburgh 5 - Chicago 3
BOTTOM OF THE 5TH
Chicago Cubs batting - Pitching for Pittsburgh Pirates : RHP Jeremy Kennie
Batting: LHB Kevin Norton 0-0: Called Strike
0-1: Foul Ball, location: 2F
0-2: Strikes out looking
Batting: RHB Efrain Vargas 0-0: Ball
1-0: Ball
2-0: Called Strike
2-1: Ball
3-1: Foul Ball, location: 2F
3-2: Base on Balls
Batting: RHB Josh Kalman 0-0: Called Strike
0-1: DOUBLE (Line Drive, 7LM, EV 105.0 MPH)
Efrain Vargas to third
Runner from 3rd tries for Home, SAFE, throw by LF to trailing runner, SAFE at third!
Batting: RHB Elijah Campbell 0-0: Ball
1-0: Ball
2-0: Ball
3-0: Base on Balls
Batting: RHB Will Leslie 0-0: Ball
1-0: Called Strike
1-1: Fly out, F7 (Flyball, 78S, EV 81.9 MPH)
Batting: SHB Art Kent 0-0: Ball
1-0: Foul Ball, location: 2F
1-1: Ball
2-1: Ground out 4-3 (Groundball, 4, EV 79.4 MPH)
Bottom of the 5th over - 1 run, 1 hit, 0 errors, 2 left on base; Pittsburgh 5 - Chicago 4
TOP OF THE 6TH
Pittsburgh Pirates batting - Pitching for Chicago Cubs : RHP Chris Ray
Batting: RHB Jeckel Hester 0-0: Fly out, F8 (Line Drive, 8LD, EV 104.4 MPH)
Batting: RHB Tommie Eaton 0-0: Called Strike
0-1: Ball
1-1: Swinging Strike
1-2: Foul Ball, location: 2F
1-2: Ball
2-2: Foul Ball, location: 2F
2-2: Ball
3-2: Base on Balls
Batting: RHB Raul Mendoza 0-0: Called Strike
0-1: Called Strike
0-2: Foul Ball, location: 2F
0-2: Ball
1-2: Foul Ball, location: 2F
1-2: Foul Ball, location: 2F
1-2: Strikes out swinging
Batting: RHB Mike Thornton 0-0: Swinging Strike
0-1: Ball
1-1: Swinging Strike
1-2: Foul Ball, location: 2F
1-2: Strikes out swinging
Top of the 6th over - 0 runs, 0 hits, 0 errors, 1 left on base; Pittsburgh 5 - Chicago 4
BOTTOM OF THE 6TH
Chicago Cubs batting - Pitching for Pittsburgh Pirates : RHP Jeremy Kennie
Batting: RHB Steve Bui 0-0: Ball
1-0: Called Strike
1-1: Foul Ball, location: 2F
1-2: Strikes out looking
Batting: RHB Adam O'Hare 0-0: Ball
1-0: Swinging Strike
1-1: Ball
2-1: Foul Ball, location: 2F
2-2: Strikes out swinging, 2-3 out at first.
Batting: RHB Yasuhide Kasahara 0-0: Ball
1-0: Called Strike
1-1: Foul Ball, location: 2F
1-2: Ball
2-2: Fly out, F7 (Line Drive, 7D, EV 84.4 MPH)
Bottom of the 6th over - 0 runs, 0 hits, 0 errors, 0 left on base; Pittsburgh 5 - Chicago 4
TOP OF THE 7TH
Pittsburgh Pirates batting - Pitching for Chicago Cubs : RHP Chris Ray
Pitching: RHP Yeong-kil Suck
Batting: RHB Andrew Robinson 0-0: Swinging Strike
0-1: Called Strike
0-2: Fly out, F9 (Line Drive, 9D, EV 95.0 MPH)
Batting: RHB Eisse Bravenboer 0-0: Ball
1-0: Foul Ball, location: 2F
1-1: Swinging Strike
1-2: Ball
2-2: Foul Ball, location: 2F
2-2: Foul Ball, location: 2F
2-2: Ball
3-2: Base on Balls
Batting: SHB Marvin McAleer 0-0: Called Strike
0-1: Called Strike
0-2: Ball
1-2: Hit by Pitch
Eisse Bravenboer to second
Batting: RHB Vincent Poopwell 0-0: Swinging Strike
0-1: Swinging Strike
0-2: Ball
1-2: Strikes out swinging
Batting: RHB Steve Jordan 0-0: Called Strike
0-1: Ball
1-1: Called Strike
1-2: Foul Ball, location: 2F
1-2: SINGLE (Groundball, 56D, EV 101.9 MPH)
Eisse Bravenboer to third
Marvin McAleer to second
Runner from 3rd tries for Home, SAFE, throw by LF to home
Batting: RHB Jeckel Hester 0-0: Called Strike
0-1: Foul Ball, location: 2F
0-2: Foul Ball, location: 2F
0-2: Ball
1-2: Ground out U3 (Groundball, 3, EV 111.9 MPH)
Top of the 7th over - 1 run, 1 hit, 0 errors, 2 left on base; Pittsburgh 6 - Chicago 4
BOTTOM OF THE 7TH
Chicago Cubs batting - Pitching for Pittsburgh Pirates : RHP Jeremy Kennie
Batting: LHB Kevin Norton 0-0: Ball
1-0: Ball
2-0: Called Strike
2-1: SINGLE (Groundball, 4MD, EV 100.0 MPH)
Batting: RHB Efrain Vargas 0-0: Ball
1-0: Ball
2-0: Ball
3-0: Called Strike
3-1: SINGLE (Groundball, 34D, EV 105.0 MPH)
Kevin Norton to second
Runner from 2nd tries for 3rd, SAFE, throw by RF made to third
Efrain Vargas to second
Pitching: RHP Josh Allport
Batting: RHB Josh Kalman 0-0: Ball
1-0: Ball
2-0: Ball
3-0: Called Strike
3-1: Foul Ball, location: 2F
3-2: Fly out, F8 (Flyball, 78XD, EV 81.9 MPH)
Runner from 3rd tags up, SCORES, no throw by CF
Efrain Vargas to third
Batting: RHB Elijah Campbell 0-0: Ball
1-0: Swinging Strike
1-1: Foul Ball, location: 2F
1-2: Foul Ball, location: 2F
1-2: Ball
2-2: Ground out 6-3 (Groundball, 6MS, EV 85.0 MPH)
Batting: RHB Will Leslie 0-0: Ball
1-0: Called Strike
1-1: Ball
2-1: Foul Ball, location: 2F
2-2: Foul Ball, location: 2F
2-2: Ball
3-2: Foul Ball, location: 2F
3-2: Fly out, F8 (Flyball, 8RM, EV 78.1 MPH)
Bottom of the 7th over - 1 run, 2 hits, 0 errors, 1 left on base; Pittsburgh 6 - Chicago 5
TOP OF THE 8TH
Pittsburgh Pirates batting - Pitching for Chicago Cubs : RHP Yeong-kil Suck
Batting: RHB Tommie Eaton 0-0: Swinging Strike
0-1: Swinging Strike
0-2: Ball
1-2: Ball
2-2: Fly out, F8 (Flyball, 8RS, EV 77.5 MPH)
Batting: RHB Raul Mendoza 0-0: Ball
1-0: Foul Ball, location: 2F
1-1: Swinging Strike
1-2: Strikes out looking
Batting: RHB Mike Thornton 0-0: Ball
1-0: Called Strike
1-1: Fly out, F2 (Popup, 23F, EV 87.5 MPH)
Top of the 8th over - 0 runs, 0 hits, 0 errors, 0 left on base; Pittsburgh 6 - Chicago 5
BOTTOM OF THE 8TH
Chicago Cubs batting - Pitching for Pittsburgh Pirates : RHP Josh Allport
Batting: SHB Art Kent 0-0: SINGLE (Groundball, 34D, EV 95.6 MPH)
Batting: RHB Steve Bui 0-0: Bunt - Flyout to 2R! F2
Batting: RHB Adam O'Hare 0-0: Swinging Strike
0-1: Swinging Strike
0-2: Foul Ball, location: 2F
0-2: Ball
1-2: Strikes out swinging
Batting: RHB Yasuhide Kasahara 0-0: Called Strike
0-1: Ball
1-1: SINGLE (Line Drive, 4M, EV 96.2 MPH)
Art Kent to second
Runner from 2nd tries for 3rd, OUT! 8-5
Bottom of the 8th over - 0 runs, 2 hits, 0 errors, 1 left on base; Pittsburgh 6 - Chicago 5
TOP OF THE 9TH
Pittsburgh Pirates batting - Pitching for Chicago Cubs : RHP Yeong-kil Suck
Pitching: LHP George Poirier
Batting: RHB Andrew Robinson 0-0: Called Strike
0-1: Foul Ball, location: 2F
0-2: Strikes out swinging
Batting: RHB Eisse Bravenboer 0-0: Ball
1-0: Called Strike
1-1: Ball
2-1: Ball
3-1: Base on Balls
Batting: SHB Marvin McAleer 0-0: Ball
1-0: SINGLE (Flyball, 8RS, EV 92.5 MPH)
Eisse Bravenboer to second
Runner from 2nd tries for 3rd, OUT! 8-5
Batting: RHB Vincent Poopwell 0-0: Ball
Marvin McAleer steals 2nd base
1-0: Ball
2-0: Ball
3-0: Called Strike
3-1: Ground out U3 (Groundball, 13, EV 79.4 MPH)
Top of the 9th over - 0 runs, 1 hit, 0 errors, 1 left on base; Pittsburgh 6 - Chicago 5
BOTTOM OF THE 9TH
Chicago Cubs batting - Pitching for Pittsburgh Pirates : RHP Josh Allport
Pitching: RHP Steve Grier
Batting: LHB Kevin Norton 0-0: Ball
1-0: Ball
2-0: Ball
3-0: Fly out, F9 (Flyball, 89M, EV 73.8 MPH)
Batting: RHB Efrain Vargas 0-0: Ball
1-0: Ball
2-0: Ball
3-0: Base on Balls
Batting: RHB Josh Kalman 0-0: Ball
1-0: Called Strike
1-1: Foul Ball, location: 2F
1-2: Foul Ball, location: 2F
1-2: Ball
2-2: Ball
3-2: Base on Balls
Efrain Vargas to second
Batting: RHB Elijah Campbell 0-0: Ball
1-0: Ball
2-0: Foul Ball, location: 2F
2-1: Called Strike
2-2: Ball
3-2: Strikes out swinging
Batting: RHB Will Leslie 0-0: Called Strike
0-1: Swinging Strike
0-2: Ball
1-2: Fly out, F3 (Popup, 23F, EV 88.1 MPH)
Bottom of the 9th over - 0 runs, 0 hits, 0 errors, 2 left on base; Pittsburgh 6 - Chicago 5
Thursday, March 31st , 2022 - OOTP Baseball 22.12 Build 89